 Dungeon Sprint DCSS version 0.29-a0-925-g0a7a3d12f8 (webtiles) character file.

Game seed: 9506738776149347401

22603 rocky1 the Spry (level 13, -3/119 HPs)
             Began as a Merfolk Gladiator on July 28, 2022.
             Was a High Priest of Okawaru.
             Slain by an orc knight
             ... wielding a +0 vorpal long sword
              (27 damage)
             ... in the Dungeon (Sprint VII: "The Pits").
             The game lasted 00:18:44 (6781 turns).

rocky1 the Spry (Merfolk Gladiator)                 Turns: 6781, Time: 00:18:45

Health: -3/119     AC: 21    Str: 19      XL:     13   Next: 1%
Magic:  20/20      EV: 20    Int:  5 (8)  God:    Okawaru [*****.]
Gold:   45         SH:  0    Dex: 15      Spells: 12/12 levels left

rFire   . . .      SeeInvis .   p - +2 halberd (venom)
rCold   + . .      Faith    .   (shield currently unavailable)
rNeg    . . .      Spirit   .   E - +1 plate armour {rC+}
rPois   .          Reflect  .   c - +0 helmet
rElec   .          Harm     .   r - +0 cloak
rCorr   .          Rampage  .   (no gloves)
Will    .....      NoTele   +   q - +0 pair of boots
Stlth   ..........              (no amulet)
HPRegen 0.29/turn               b - +3 ring of evasion
MPRegen 0.17/turn               a - +3 ring of evasion

@: no status effects
A: (nimble swimmer 2), mertail
a: Renounce Religion, Heroism, Finesse


You were in the Dungeon.
You worshipped Okawaru.
Okawaru was extremely pleased with you.
You visited 1 branch You collected 45 gold pieces.

Inventory:

Hand Weapons
 h - the +2 great sword "Gauxueh" {vorpal, Str-3 Dex+6}
   (Okawaru gifted it to you in the Dungeon)

   It inflicts extra damage upon your enemies.
   Str:       It affects your strength (-3).
   Dex:       It affects your dexterity (+6).
 p - a +2 halberd of venom (weapon)
 s - a +3 bardiche
 t - a +2 scimitar of flaming
Missiles
 d - 3 throwing nets
 e - 5 silver javelins (quivered)
 o - 5 javelins
Armour
 c - a +0 helmet (worn)
 k - the +0 pair of gloves "Odim" {Contam rPois rC+}
   (Okawaru gifted it to you in the Dungeon)

   rC:        It protects you from cold.
   rPois:     It protects you from poison.
   Contam:    It causes magical contamination when unequipped.
 q - a +0 pair of boots (worn)
 r - a +0 cloak (worn)
 E - a +1 plate armour of cold resistance (worn)
Jewellery
 a - a +3 ring of evasion (right hand)
 b - a +3 ring of evasion (left hand)
 D - a ring of poison resistance
Scrolls
 m - 5 scrolls of amnesia
 v - a scroll of identify
 y - 5 scrolls of enchant weapon
 A - 2 scrolls of enchant armour
 B - a scroll of fear
Potions
 f - 11 potions of curing
 g - 9 potions of heal wounds
 i - 4 potions of magic
 j - a potion of berserk rage
 l - 2 potions of invisibility
 n - 3 potions of brilliance
 u - a potion of mutation
 w - 2 potions of resistance
 z - a potion of haste


   Skills:
 - Level 16.8 Fighting
 - Level 14.5 Long Blades
 + Level 18.9 Polearms
 - Level 2.0 Throwing
 - Level 12.0 Armour
 - Level 19.9 Dodging
 - Level 9.9 Invocations


You had 12 spell levels left.
You didn't know any spells.
Your spell library was empty.

Dungeon Overview and Level Annotations

Branches:
Dungeon (1/1)

Altars:
Ashenzari
Cheibriados
Dithmenos
Elyvilon
Fedhas
Gozag
Hepliaklqana
Kikubaaqudgha
Makhleb
Nemelex Xobeh
Okawaru
Qazlal
Ru
Sif Muna
Trog
Uskayaw
Vehumet
Wu Jian
Xom
Yredelemnul
Zin
The Shining One
Jiyva
Lugonu


Innate Abilities, Weirdness & Mutations

((You are very nimble when in or above water. (Stealth+, EV+, Speed+++)))
Your lower body shifts to a powerful aquatic tail in water.


Message History

An orc knight comes into view. It is wielding a +0 vorpal long sword.
You barely miss the neqoxec. You barely miss the neqoxec.
The neqoxec hits you but does no damage.
The orc knight roars a battlecry!
The orc knight goes into a battle-frenzy!
You barely miss the orc knight. The neqoxec gestures at you.
You feel dopey. Something feeds on your intellect!
You closely miss the orc knight. You closely miss the orc knight.
The neqoxec completely misses you.
The orc knight hits you with a +0 long sword!
You hit the orc knight but do no damage.
The orc knight is poisoned.
The orc knight barely misses you.
The neqoxec hits you but does no damage.
The orc knight misses you.
You slice the neqoxec!!
The neqoxec is severely wounded.
The orc knight closely misses you. The orc knight barely misses you.
The neqoxec completely misses you.
You slash the neqoxec!
You kill the neqoxec!
Okawaru accepts your kill.
The orc knight hits you but does no damage.
The orc knight closely misses you.
You barely miss the orc knight. The orc knight completely misses you.
The orc knight hits you with a +0 long sword!!
You slice the orc knight!!
The orc knight looks as sick as possible!
The orc knight is heavily wounded.
The orc knight hits you with a +0 vorpal long sword!
The orc knight hits you with a +0 long sword!!
* * * LOW HITPOINT WARNING * * *
You closely miss the orc knight.
The orc knight is heavily wounded.
The orc knight completely misses you. x2
The orc knight attacks as you move away!
The orc knight hits you with a +0 vorpal long sword!!
You die...

#++############################
#.............oo...............
#..[)........)@................
#..##############''############
#..# #........# #..# #.#....#.#
#.)# .. ......... #..# #.
.#....#.#.# #..# # ...........#
#.)# .# #....#.#o# ###..# o.


oo........ You could see 2 orc knights.

Vanquished Creatures
  An orc warlord (D)
  A ghost moth (D)
  A boulder beetle (D)
  A two-headed ogre (D)
  A death yak (D)
  A naga warrior (D)
  3 hell hogs (D)
  A deep elf knight (D)
  A naga ritualist (D)
  10 orc knights (D)
  A deep elf pyromancer (D)
  A manticore (D)
  A salamander (D)
  Joseph (D)
  A rust devil (D)
  A merfolk siren (D)
  2 gargoyles (D)
  An orange demon (D)
  An unseen horror (D)
  A cane toad (D)
  A hellwing (D)
  A troll (D)
  An ice devil (D)
  A hornet (D)
  8 dream sheep (D)
  3 blink frogs (D)
  A water elemental (D)
  A large abomination (D)
  A shadow (D)
  2 wraiths (D)
  Grum (D)
  A fire bat (D)
  A neqoxec (D)
  Menkaure (D)
  6 vampire mosquitoes (D)
  2 steam dragons (D)
  2 nagas (D)
  2 floating eyes (D)
  2 water moccasins (D)
  2 ice beasts (D)
  An orc warrior (D)
  2 black bears (D)
  2 small abominations (D)
  9 wolves (D)
  A centaur (D)
  A kobold brigand (D)
  A phantom (D)
  A necrophage (D)
  An earth elemental (D)
  A gnoll sergeant (D)
  2 scorpions (D)
  6 killer bees (D)
  A quasit (D)
  A hound (D)
  2 orc wizards (D)
  A mummy (D)
  4 gnolls (D)
  2 adders (D)
  An ufetubus (D)
  An adder zombie (D)
  3 orcs (D)
  A giant cockroach (D)
  A hobgoblin (D)
  A jackal (D)
  2 quokkas (D)
  A ball python skeleton (D)
  A ball python zombie (D)
  A rat (D)
124 creatures vanquished.

Notes
Turn   | Place    | Note
-------+----------+-------------------------------------------
     0 | D        | rocky1 the Merfolk Gladiator began the quest for the Orb.
     0 | D        | Reached XP level 1. HP: 16/16 MP: 1/1
    11 | D        | Noticed a scorpion
    17 | D        | Killed a scorpion
    18 | D        | Reached skill level 5 in Dodging
    18 | D        | Reached XP level 2. HP: 12/25 MP: 2/2
    18 | D        | Reached XP level 3. HP: 14/30 MP: 3/3
    18 | D        | Reached XP level 4. HP: 17/37 MP: 4/4
   366 | D        | Found a bloodstained altar of Trog.
   366 | D        | Found a shimmering blue altar of Sif Muna.
   366 | D        | Found a viscous altar of Jiyva.
   366 | D        | Found a hazy altar of Hepliaklqana.
   366 | D        | Found an opulent altar of Gozag.
   367 | D        | Found a glowing golden altar of the Shining One.
   367 | D        | Found a glowing silver altar of Zin.
   367 | D        | Found a basalt altar of Yredelemnul.
   367 | D        | Found a shimmering altar of Xom.
   367 | D        | Found an ornate altar of the Wu Jian Council.
   367 | D        | Found a sacrificial altar of Ru.
   367 | D        | Found a stormy altar of Qazlal.
   367 | D        | Found an iron altar of Okawaru.
   367 | D        | Found a sparkling altar of Nemelex Xobeh.
   367 | D        | Found a burning altar of Makhleb.
   367 | D        | Found a blossoming altar of Fedhas.
   367 | D        | Found a white marble altar of Elyvilon.
   367 | D        | Found a shadowy altar of Dithmenos.
   367 | D        | Found a snail-covered altar of Cheibriados.
   370 | D        | Found a corrupted altar of Lugonu.
   370 | D        | Found a radiant altar of Vehumet.
   371 | D        | Found an ancient bone altar of Kikubaaqudgha.
   371 | D        | Found a hide-covered altar of Uskayaw.
   371 | D        | Found a broken altar of Ashenzari.
   375 | D        | Became a worshipper of Warmaster Okawaru
   415 | D        | Noticed a floating eye
   418 | D        | Paralysed by a floating eye for 3 turns
   421 | D        | Killed a floating eye
   421 | D        | Reached * piety under Okawaru
   422 | D        | Reached skill level 5 in Fighting
   422 | D        | Reached skill level 7 in Dodging
   422 | D        | Reached XP level 5. HP: 44/44 MP: 4/7
   482 | D        | Reached skill level 8 in Dodging
   486 | D        | Reached XP level 6. HP: 47/52 MP: 9/9
   616 | D        | Noticed an ice beast
   624 | D        | Killed an ice beast
   625 | D        | Reached skill level 5 in Invocations
   726 | D        | Reached skill level 9 in Dodging
   746 | D        | Reached skill level 10 in Polearms
   777 | D        | Noticed a black bear
   777 | D        | Noticed a fire bat
   796 | D        | Killed a black bear
   796 | D        | Reached ** piety under Okawaru
   797 | D        | Reached XP level 7. HP: 55/61 MP: 8/11
   798 | D        | Killed a fire bat
   799 | D        | Reached skill level 5 in Armour
   799 | D        | Reached skill level 10 in Dodging
   824 | D        | Noticed Menkaure
   833 | D        | Killed Menkaure
  1264 | D        | Noticed a merfolk siren
  1278 | D        | Killed a merfolk siren
  1279 | D        | Reached skill level 11 in Dodging
  1279 | D        | Reached XP level 8. HP: 71/71 MP: 11/13
  1303 | D        | Reached *** piety under Okawaru
  1334 | D        | Noticed a two-headed ogre
  1334 | D        | Noticed a death yak
  1346 | D        | Killed a death yak
  1346 | D        | Reached **** piety under Okawaru
  1347 | D        | Reached skill level 10 in Fighting
  1347 | D        | Reached skill level 12 in Dodging
  1347 | D        | Reached XP level 9. HP: 78/78 MP: 12/15
  1349 | D        | Killed a two-headed ogre
  1349 | D        | Received a gift from Okawaru
  1350 | D        | Reached skill level 13 in Dodging
  1509 | D        | Noticed a salamander
  1520 | D        | Killed a salamander
  1520 | D        | Received a gift from Okawaru
  1523 | D        | Received a gift from Okawaru
  1523 | D        | Noticed a naga warrior
  1527 | D        | Noticed a naga ritualist
  1534 | D        | Killed a naga warrior
  1535 | D        | Reached XP level 10. HP: 38/88 MP: 17/17
  1545 | D        | Killed a naga ritualist
  1545 | D        | Reached ***** piety under Okawaru
  1546 | D        | Reached skill level 5 in Long Blades
  1546 | D        | Reached skill level 14 in Dodging
  2022 | D        | Reached skill level 15 in Polearms
  2668 | D        | Killed a ghost moth
  2668 | D        | Identified the +2 great sword "Gauxueh" {vorpal, Str-3
                  | Dex+6} (Okawaru gifted it to you in the Dungeon)
  2668 | D        | Received a gift from Okawaru
  2669 | D        | Reached skill level 15 in Dodging
  2992 | D        | Noticed a hell hog
  2992 | D        | Noticed a hell hog
  2992 | D        | Noticed a hell hog
  3004 | D        | Killed a hell hog
  3016 | D        | Killed a hell hog
  3017 | D        | Reached XP level 11. HP: 33/98 MP: 11/18
  3017 | D        | Killed a hell hog
  3018 | D        | Reached skill level 16 in Dodging
  3358 | D        | Received a gift from Okawaru
  3693 | D        | Reached skill level 10 in Long Blades
  3716 | D        | Reached skill level 10 in Armour
  3720 | D        | Reached skill level 17 in Dodging
  3791 | D        | Identified the +0 robe of the Hidden Vale {rPois rF- rC+
                  | rCorr} (Okawaru gifted it to you in the Dungeon)
  3791 | D        | Received a gift from Okawaru
  4095 | D        | Reached ****** piety under Okawaru
  4355 | D        | Noticed a boulder beetle
  4371 | D        | Reached skill level 15 in Fighting
  4391 | D        | Killed a boulder beetle
  4392 | D        | Reached skill level 18 in Dodging
  4392 | D        | Reached XP level 12. HP: 65/110 MP: 19/19
  4757 | D        | Noticed Grum
  4769 | D        | Killed Grum
  4941 | D        | Noticed Joseph
  4964 | D        | Killed Joseph
  5018 | D        | Reached skill level 19 in Dodging
  5477 | D        | Noticed an orc warlord
  5567 | D        | Killed an orc warlord
  5581 | D        | Identified the +0 pair of gloves "Odim" {Contam rPois rC+}
                  | (Okawaru gifted it to you in the Dungeon)
  5581 | D        | Received a gift from Okawaru
  6436 | D        | Noticed a deep elf knight
  6453 | D        | Killed a deep elf knight
  6760 | D        | Noticed an orc warlord
  6767 | D        | Reached XP level 13. HP: 102/119 MP: 20/20
  6781 | D        | Slain by an orc knight

Illustrated notes

Levels and vault maps discovered:
D:        pitsprint [storerooms_1, entrance_room_1, metal_vault_7, armoury_3,
          mini_pit_1, grid_room_1, main_hall_1, silver_pit, the_coven_1,
          the_vestibule_1, steel_vault_2, golden_pit, hallway_of_sentries,
          crystal_vault_1, iron_vault_5, final_vault]

Skill      XL: |  1  2  3  4  5  6  7  8  9 10 11 12 |
---------------+-------------------------------------+-----
Fighting       | 4 5 6 7 9 10 11 13 15 16 | 16.8
Polearms       | 7 8 9 10 12 13 14 16 18 | 18.9
Armour         | 2 3 4 6 7 9 10 12 | 12.0
Dodging        | 5 7 8 9 11 12 13 15 18 19 | 19.9
Invocations    | 3 4 6 7 9 |  9.9
Long Blades    | 4 8 12 14 | 14.5
Throwing       | |  2.0

Action                   |  1- 3 |  4- 6 |  7- 9 | 10-12 | 13-15 || total
-------------------------+-------+-------+-------+-------+-------++-------
Melee: Trident           |     4 |    67 |    80 |       |       ||   151
       Punch             |       |     2 |     5 |       |       ||     7
       Halberd           |       |       |    17 |   507 |    12 ||   536
Throw: Javelin           |       |       |       |     1 |       ||     1
Invok: Heroism           |       |     2 |     3 |     4 |       ||     9
       Finesse           |       |       |       |     4 |       ||     4
  Use: Potion            |     1 |       |     2 |    10 |       ||    13
       Scroll            |       |       |       |     3 |       ||     3
Armor: Leather armour    |     1 |     2 |       |       |       ||     3
       Chain mail        |       |    24 |    22 |   120 |       ||   166
       Plate armour      |       |       |       |     6 |     3 ||     9
Dodge: Dodged            |     2 |    38 |    35 |   291 |    11 ||   377

Table legend: (Time is in decaauts)
 A = Elapsed time spent in this place.
 B = Non-inter-level travel time spent in this place.
 C = Inter-level travel time spent in this place.
 D = Time resting spent in this place.
 E = Time spent auto-exploring this place.
 F = Levels seen in this place.
 G = Mean time per level.
                   A        B        C        D        E       F      G
               +--------+--------+--------+--------+--------+-----+--------+
         Total |   6574 |   6520 |     54 |   4598 |      0 |   1 | 6574.0 |
       Dungeon |   6574 |   6520 |     54 |   4598 |      0 |   1 | 6574.0 |
               +--------+--------+--------+--------+--------+-----+--------+

Top non-repeatable levels by time:
       D: 6574 daAuts
